SAAA
MEMPHIS REDBIRDS @ HIALEAH DODOS
07/11/2042
 
TOP OF THE 1ST
Memphis Redbirds batting - Pitching for Hialeah Dodos : RHP César Soto
Pitching: RHP César Soto
Batting: RHB Steve Marwat 0-0: Ball
1-0: Fly out, F7 (Flyball, 78S, EV 80.6 MPH)
Batting: LHB Rodney McClellan 0-0: DOUBLE (Line Drive, 78M, EV 114.4 MPH)
Batting: RHB Fraser Childs 0-0: DOUBLE (Line Drive, 89XD, EV 110.6 MPH)
Rodney McClellan scores
Batting: RHB Yong-hong Ren 0-0: Ball
1-0: Ball
2-0: Foul Ball, location: 2F
2-1: Swinging Strike
2-2: Fly out, F1 (Line Drive, P, EV 66.9 MPH)
Batting: LHB Carter Stanley 0-0: Ball
1-0: Ground out 4-3 (Groundball, 34D, EV 101.9 MPH)
Top of the 1st over - 1 run, 2 hits, 0 errors, 1 left on base; Memphis 1 - Hialeah 0
BOTTOM OF THE 1ST
Hialeah Dodos batting - Pitching for Memphis Redbirds : RHP Denie Coppens
Pitching: RHP Denie Coppens
Batting: RHB Sergio San Martín 0-0: Called Strike
0-1: Hit by Pitch
Batting: RHB Yaakov Shmerkin 0-0: Ball
1-0: Ball
Sergio San Martín steals 2nd base
2-0: Ball
3-0: Base on Balls
Batting: RHB Juan Reyes 0-0: Called Strike
0-1: Ball
1-1: Ball
2-1: Fly out, F4 (Popup, 4D, EV 48.8 MPH)
Batting: RHB Mulia Muljana 0-0: Ball
1-0: Grounds into double play, 6-4-3 (Groundball, 6, EV 102.5 MPH)
Bottom of the 1st over - 0 runs, 0 hits, 0 errors, 1 left on base; Memphis 1 - Hialeah 0
TOP OF THE 2ND
Memphis Redbirds batting - Pitching for Hialeah Dodos : RHP César Soto
Batting: RHB Joël Pesci 0-0: Ball
1-0: Ground out 6-3 (Groundball, 6, EV 85.6 MPH)
Batting: RHB Lorenzo Lobo 0-0: Swinging Strike
0-1: SINGLE (Line Drive, 6MD, EV 105.0 MPH)
Batting: RHB Bernardo Rodríguez 0-0: Ball
Lorenzo Lobo is caught stealing 2nd base 2-4
1-0: Called Strike
1-1: Called Strike
1-2: Strikes out swinging
Top of the 2nd over - 0 runs, 1 hit, 0 errors, 0 left on base; Memphis 1 - Hialeah 0
BOTTOM OF THE 2ND
Hialeah Dodos batting - Pitching for Memphis Redbirds : RHP Denie Coppens
Batting: LHB Gabriel Montoya 0-0: Ball
1-0: Ball
2-0: Called Strike
2-1: Foul Ball, location: 2F
2-2: SINGLE (Groundball, 34D, EV 102.5 MPH)
Batting: LHB Ramón Morterero 0-0: Ball
1-0: Ball
2-0: Ball
3-0: Called Strike
3-1: Called Strike
3-2: Base on Balls
Gabriel Montoya to second
Batting: LHB Keith Pick 0-0: Ball
1-0: Grounds into double play, 6-4-3 (Groundball, 6, EV 81.9 MPH)
Gabriel Montoya to third
Batting: RHB Alfonso Cabedo 0-0: Fly out, F9 (Flyball, 89M, EV 85.0 MPH)
Bottom of the 2nd over - 0 runs, 1 hit, 0 errors, 1 left on base; Memphis 1 - Hialeah 0
TOP OF THE 3RD
Memphis Redbirds batting - Pitching for Hialeah Dodos : RHP César Soto
Batting: RHB Martin Clayton 0-0: Called Strike
0-1: Ball
1-1: Ground out U3 (Groundball, 34, EV 109.4 MPH)
Batting: RHB Steve Marwat 0-0: Called Strike
0-1: Ball
1-1: Called Strike
1-2: Strikes out swinging
Batting: LHB Rodney McClellan 0-0: Ball
1-0: Foul Ball, location: 2F
1-1: SINGLE (Groundball, 4D, EV 97.5 MPH)
Batting: RHB Fraser Childs 0-0: Ball
1-0: Swinging Strike
1-1: Called Strike
1-2: Ball
2-2: Ball
3-2: Foul Ball, location: 2F
3-2: Base on Balls
Rodney McClellan to second
Batting: RHB Yong-hong Ren 0-0: Ball
1-0: Ball
2-0: Called Strike
2-1: Ground out 1-3 (Groundball, P, EV 83.8 MPH)
Top of the 3rd over - 0 runs, 1 hit, 0 errors, 2 left on base; Memphis 1 - Hialeah 0
BOTTOM OF THE 3RD
Hialeah Dodos batting - Pitching for Memphis Redbirds : RHP Denie Coppens
Batting: SHB Xavier Mercier 0-0: Ball
1-0: Ball
2-0: Ground out 4-3 (Groundball, 34D, EV 96.2 MPH)
Batting: RHB Sergio San Martín 0-0: Ball
1-0: Ball
2-0: Ball
3-0: Called Strike
3-1: Base on Balls
Batting: RHB Yaakov Shmerkin 0-0: Ball
1-0: Swinging Strike
1-1: Ball
2-1: Ball
3-1: Base on Balls
Sergio San Martín to second
Batting: RHB Juan Reyes 0-0: Called Strike
0-1: Ball
1-1: Fly out, F9 (Flyball, 9LSF, EV 78.8 MPH)
Batting: RHB Mulia Muljana 0-0: Ball
1-0: Swinging Strike
1-1: Ball
2-1: Ball
3-1: Base on Balls
Sergio San Martín to third
Yaakov Shmerkin to second
Batting: LHB Gabriel Montoya 0-0: Ball
1-0: Fly out, F8 (Line Drive, 8RD, EV 88.8 MPH)
Bottom of the 3rd over - 0 runs, 0 hits, 0 errors, 3 left on base; Memphis 1 - Hialeah 0
TOP OF THE 4TH
Memphis Redbirds batting - Pitching for Hialeah Dodos : RHP César Soto
Batting: LHB Carter Stanley 0-0: Called Strike
0-1: Foul Ball, location: 2F
0-2: Ground out 5-3 (Groundball, 56S, EV 76.9 MPH)
Batting: RHB Joël Pesci 0-0: Called Strike
0-1: Ball
1-1: Called Strike
1-2: Fly out, F8 (Flyball, 8RM, EV 76.2 MPH)
Batting: RHB Lorenzo Lobo 0-0: Ball
1-0: Called Strike
1-1: Foul Ball, location: 2F
1-2: Strikes out swinging
Top of the 4th over - 0 runs, 0 hits, 0 errors, 0 left on base; Memphis 1 - Hialeah 0
BOTTOM OF THE 4TH
Hialeah Dodos batting - Pitching for Memphis Redbirds : RHP Denie Coppens
Batting: LHB Ramón Morterero 0-0: Ball
1-0: Ball
2-0: Swinging Strike
2-1: Ball
3-1: Base on Balls
Batting: LHB Keith Pick 0-0: Fly out, F9 (Flyball, 9D, EV 73.1 MPH)
Batting: RHB Alfonso Cabedo 0-0: Ball
1-0: Ball
2-0: Called Strike
2-1: Reached on error, E6 (Groundball, 6, EV 105.6 MPH)
Ramón Morterero to second
Batting: SHB Xavier Mercier 0-0: Called Strike
0-1: SINGLE (Line Drive, 89M, EV 108.8 MPH)
Ramón Morterero to third
Alfonso Cabedo to second
Batting: RHB Sergio San Martín 0-0: Called Strike
0-1: Called Strike
0-2: TRIPLE (Line Drive, 89XD, EV 100.0 MPH)
Ramón Morterero scores
Alfonso Cabedo scores
Xavier Mercier scores
Batting: RHB Yaakov Shmerkin 0-0: Called Strike
0-1: Fly out, F9 (Flyball, 89D, EV 81.2 MPH)
Runner from 3rd tags up, SCORES, no throw by RF
Batting: RHB Juan Reyes 0-0: Ground out 5-3 (Groundball, 56, EV 91.2 MPH)
Bottom of the 4th over - 4 runs, 2 hits, 1 error, 0 left on base; Memphis 1 - Hialeah 4
TOP OF THE 5TH
Memphis Redbirds batting - Pitching for Hialeah Dodos : RHP César Soto
Batting: RHB Bernardo Rodríguez 0-0: Ball
1-0: Ground out U3 (Groundball, 3S, EV 83.8 MPH)
Batting: RHB Martin Clayton 0-0: Ball
1-0: SOLO HOME RUN (Flyball, 7LD, EV 95.6 MPH), Distance : 357 ft
Batting: RHB Steve Marwat 0-0: Swinging Strike
0-1: Foul Ball, location: 2F
0-2: Strikes out swinging
Batting: LHB Rodney McClellan 0-0: Ball
1-0: Swinging Strike
1-1: Ball
2-1: Ground out 5-3 (Groundball, 56, EV 106.9 MPH)
Top of the 5th over - 1 run, 1 hit, 0 errors, 0 left on base; Memphis 2 - Hialeah 4
BOTTOM OF THE 5TH
Hialeah Dodos batting - Pitching for Memphis Redbirds : RHP Denie Coppens
Batting: RHB Mulia Muljana 0-0: Ball
1-0: Called Strike
1-1: Swinging Strike
1-2: Foul Ball, location: 2F
1-2: Ball
2-2: Ball
3-2: Foul Ball, location: 2F
3-2: SOLO HOME RUN (Flyball, 7D, EV 92.5 MPH), Distance : 361 ft
Batting: LHB Gabriel Montoya 0-0: Called Strike
0-1: Ball
1-1: Ball
2-1: Ball
3-1: Base on Balls
Batting: LHB Ramón Morterero 0-0: Ball
1-0: Ball
2-0: Bunted foul
2-1: Ball
3-1: Sac Bunt to P - play at first, batter OUT! 1-4
Gabriel Montoya to second
Batting: LHB Keith Pick 0-0: Foul Ball, location: 2F
0-1: Ball
1-1: Fly out, F9 (Flyball, 89D, EV 96.2 MPH)
Batting: RHB Alfonso Cabedo 0-0: Ball
1-0: Fly out, F8 (Flyball, 8RS, EV 84.4 MPH)
Bottom of the 5th over - 1 run, 1 hit, 0 errors, 1 left on base; Memphis 2 - Hialeah 5
TOP OF THE 6TH
Memphis Redbirds batting - Pitching for Hialeah Dodos : RHP César Soto
Batting: RHB Fraser Childs 0-0: Ball
1-0: Called Strike
1-1: SINGLE (Line Drive, 6M, EV 98.8 MPH)
Batting: RHB Yong-hong Ren 0-0: Called Strike
0-1: SINGLE (Line Drive, 34D, EV 96.2 MPH)
Fraser Childs to second
Runner from 2nd tries for 3rd, SAFE, throw by RF made to third
Batting: LHB Carter Stanley 0-0: Ball
1-0: Called Strike
1-1: Called Strike
1-2: Fielders Choice at 2nd, 4-6 (Groundball, 4, EV 86.2 MPH)
Fraser Childs scores
Batting: RHB Joël Pesci 0-0: Ball
1-0: Ball
2-0: Called Strike
2-1: 2-RUN HOME RUN (Flyball, 7D, EV 94.4 MPH), Distance : 373 ft
Batting: RHB Lorenzo Lobo 0-0: Ball
1-0: Ground out 6-3 (Groundball, 56, EV 98.8 MPH)
Batting: RHB Bernardo Rodríguez 0-0: Foul Ball, location: 2F
0-1: Ball
1-1: Fly out, F7 (Flyball, 78D, EV 101.2 MPH)
Top of the 6th over - 3 runs, 3 hits, 0 errors, 0 left on base; Memphis 5 - Hialeah 5
BOTTOM OF THE 6TH
Hialeah Dodos batting - Pitching for Memphis Redbirds : RHP Denie Coppens
Pitching: RHP Wilford Barnes
Batting: SHB Xavier Mercier 0-0: Called Strike
0-1: Swinging Strike
0-2: Ball
1-2: Fly out, F9 (Line Drive, 9, EV 89.4 MPH)
Batting: RHB Sergio San Martín 0-0: Ball
1-0: Ball
2-0: SINGLE (Groundball, 4MD, EV 103.8 MPH)
Batting: RHB Yaakov Shmerkin 0-0: Ball
1-0: Ball
2-0: Swinging Strike
2-1: DOUBLE (Flyball, 78D, EV 107.5 MPH)
Sergio San Martín to third
Batting: RHB Juan Reyes 0-0: Foul Ball, location: 2F
0-1: Ball
1-1: Ball
2-1: Ground out 5-3 (Groundball, 56, EV 86.2 MPH)
Batting: RHB Mulia Muljana 0-0: Fly out, F9 (Flyball, 89M, EV 83.1 MPH)
Bottom of the 6th over - 0 runs, 2 hits, 0 errors, 2 left on base; Memphis 5 - Hialeah 5
TOP OF THE 7TH
Memphis Redbirds batting - Pitching for Hialeah Dodos : RHP César Soto
Batting: RHB Martin Clayton 0-0: Ball
1-0: Ball
2-0: Ball
3-0: Base on Balls
Batting: RHB Steve Marwat 0-0: Called Strike
0-1: Foul Ball, location: 2F
0-2: Ball
1-2: Fielders Choice at 2nd, 4-6 (Groundball, 4, EV 91.9 MPH)
Batting: LHB Rodney McClellan 0-0: Called Strike
0-1: Called Strike
0-2: Ball
1-2: Ball
2-2: Strikes out swinging
Pitching: RHP Kenny Hannah
Batting: RHB Fraser Childs 0-0: Ball
1-0: Fly out, F8 (Flyball, 8RD, EV 97.5 MPH)
Top of the 7th over - 0 runs, 0 hits, 0 errors, 1 left on base; Memphis 5 - Hialeah 5
BOTTOM OF THE 7TH
Hialeah Dodos batting - Pitching for Memphis Redbirds : RHP Wilford Barnes
Batting: LHB Gabriel Montoya 0-0: Ball
1-0: Ball
2-0: Foul Ball, location: 2F
2-1: Called Strike
2-2: Ball
3-2: Foul Ball, location: 2F
3-2: Fly out, F8 (Line Drive, 8LD, EV 90.0 MPH)
Batting: LHB Ramón Morterero 0-0: Called Strike
0-1: Ball
1-1: Called Strike
1-2: Ball
2-2: Foul Ball, location: 2F
2-2: Ball
3-2: Foul Ball, location: 2F
3-2: Base on Balls
Batting: LHB Keith Pick 0-0: Ball
1-0: Ball
2-0: Fielders Choice at 2nd, 4-6 (Groundball, 34D, EV 84.4 MPH)
Batting: RHB Alfonso Cabedo 0-0: Ball
1-0: Foul Ball, location: 2F
1-1: Fly out, F8 (Flyball, 89M, EV 86.9 MPH)
Bottom of the 7th over - 0 runs, 0 hits, 0 errors, 1 left on base; Memphis 5 - Hialeah 5
TOP OF THE 8TH
Memphis Redbirds batting - Pitching for Hialeah Dodos : RHP Kenny Hannah
Batting: RHB Yong-hong Ren 0-0: Ball
1-0: Foul Ball, location: 2F
1-1: Ball
2-1: Fly out, F9 (Flyball, 9LSF, EV 91.9 MPH)
Batting: LHB Carter Stanley 0-0: Foul Ball, location: 2F
0-1: Called Strike
0-2: Strikes out swinging
Batting: RHB Joël Pesci 0-0: Ball
1-0: Foul Ball, location: 2F
1-1: Ball
2-1: Called Strike
2-2: SINGLE (Line Drive, 6MD, EV 93.8 MPH)
Batting: RHB Lorenzo Lobo 0-0: Ball
1-0: Swinging Strike
1-1: Ball
Wild Pitch!
Joël Pesci to second
2-1: Called Strike
2-2: Ball
3-2: Base on Balls
Batting: RHB Bernardo Rodríguez 0-0: Called Strike
0-1: Foul Ball, location: 2F
0-2: Foul Ball, location: 2F
0-2: Ground out 1-3 (Groundball, 34S, EV 71.9 MPH)
Top of the 8th over - 0 runs, 1 hit, 0 errors, 2 left on base; Memphis 5 - Hialeah 5
BOTTOM OF THE 8TH
Hialeah Dodos batting - Pitching for Memphis Redbirds : RHP Wilford Barnes
Batting: SHB Xavier Mercier 0-0: Called Strike
0-1: Reached on error, E5 (Groundball, 56, EV 80.0 MPH)
Batting: RHB Sergio San Martín 0-0: Ball
1-0: Ball
2-0: Grounds into double play, 6-4-3 (Groundball, 6M, EV 86.9 MPH)
Batting: RHB Yaakov Shmerkin 0-0: Called Strike
0-1: Foul Ball, location: 2F
0-2: Foul Ball, location: 2F
0-2: Strikes out swinging
Bottom of the 8th over - 0 runs, 0 hits, 1 error, 0 left on base; Memphis 5 - Hialeah 5
TOP OF THE 9TH
Memphis Redbirds batting - Pitching for Hialeah Dodos : RHP Kenny Hannah
Batting: RHB Martin Clayton 0-0: Ball
1-0: DOUBLE (Line Drive, 9LM, EV 106.2 MPH)
Pitching: LHP Mike Park
Batting: RHB Steve Marwat 0-0: Intentional Walk
Pinch Runner at 2nd Dave Bauer:
Batting: LHB Rodney McClellan 0-0: Called Strike
0-1: Called Strike
0-2: Ball
1-2: SINGLE (Flyball, 7LM, EV 95.0 MPH)
Dave Bauer to third
Steve Marwat to second
Batting: RHB Fraser Childs 0-0: Foul Ball, location: 2F
0-1: Hit by Pitch
Dave Bauer scores
Steve Marwat to third
Rodney McClellan to second
Batting: RHB Yong-hong Ren 0-0: Ball
1-0: Called Strike
1-1: Ball
2-1: SINGLE (Groundball, 56, EV 102.5 MPH)
Steve Marwat scores
Rodney McClellan to third
Fraser Childs to second
Batting: LHB Carter Stanley 0-0: Ball
1-0: Called Strike
1-1: Ball
2-1: Foul Ball, location: 2F
2-2: Strikes out swinging
Batting: RHB Joël Pesci 0-0: Foul Ball, location: 2F
0-1: Called Strike
0-2: Ball
1-2: Foul Ball, location: 2F
1-2: Ball
2-2: SINGLE (Groundball, 6, EV 85.6 MPH) (infield hit)
Rodney McClellan scores
Fraser Childs to third
Yong-hong Ren to second
Batting: RHB Lorenzo Lobo 0-0: Ball
1-0: Ball
2-0: Foul Ball, location: 2F
2-1: Ball
3-1: Foul Ball, location: 2F
3-2: Foul Ball, location: 2F
3-2: Fly out, F7 (Flyball, 78S, EV 88.1 MPH)
Batting: RHB Bernardo Rodríguez 0-0: Ball
1-0: Foul Ball, location: 2F
1-1: Ball
2-1: Ground out 5-3 (Groundball, 56S, EV 79.4 MPH)
Top of the 9th over - 3 runs, 4 hits, 0 errors, 3 left on base; Memphis 8 - Hialeah 5
BOTTOM OF THE 9TH
Hialeah Dodos batting - Pitching for Memphis Redbirds : RHP Wilford Barnes
Pitching: LHP Joe Gram
Now at C: Miguel Silva
Batting: RHB Juan Reyes 0-0: Called Strike
0-1: Ball
1-1: Called Strike
1-2: Ball
2-2: Fly out, F9 (Flyball, 9D, EV 102.5 MPH)
Batting: RHB Mulia Muljana 0-0: Ball
1-0: Foul Ball, location: 2F
1-1: Ball
2-1: Swinging Strike
2-2: Ball
3-2: Fly out, F9 (Line Drive, 9, EV 86.2 MPH)
Batting: LHB Gabriel Montoya 0-0: Fly out, F8 (Flyball, 8RM, EV 92.5 MPH)
Bottom of the 9th over - 0 runs, 0 hits, 0 errors, 0 left on base; Memphis 8 - Hialeah 5
Friday, March 26th, 2021 - OOTP Baseball 20.8 Build 74